 Dungeon Crawl Stone Soup version 0.25-a0-489-g9ae84a01e3 (webtiles) character file.

Game seed: 16067897232600890039, levelgen mode: deterministic

411 Napalmbreeze the Chiller (level 6, -2/51 HPs)
             Began as a Ghoul Ice Elementalist on Feb 11, 2020.
             Slain by a centaur (3 damage)
             ... on level 4 of the Dungeon.
             The game lasted 00:14:39 (3412 turns).

Napalmbreeze the Chiller (Ghoul Ice Elementalist)   Turns: 3412, Time: 00:14:40

Health: -2/51      AC:  7    Str: 14    XL:     6   Next: 90%
Magic:  1/8        EV: 12    Int: 10    God:
Gold:   201        SH:  4    Dex: 11    Spells: 1/9 levels left

rFire    . . .     SeeInvis .     - Unarmed
rCold    + . .     Gourm    .   e - +0 buckler
rNeg     + + +     Faith    .   a - +0 robe
rPois    ∞         Spirit   .   (no helmet)
rElec    .         Reflect  .   (no cloak)
rCorr    .         Harm     .   (no gloves)
MR       .....                  (no boots)
Stlth    ++........             (no amulet)
HPRegen  0.00/turn              r - +2 ring of dexterity
MPRegen  0.11/turn              (no ring)

@: icy armour, rotting
A: rotting body, claws 1, carnivore, cold resistance 1, negative energy
resistance 3, inhibited regeneration, torment resistance, unbreathing
a: no special abilities


You were on level 4 of the Dungeon.
You were not hungry.

You visited 1 branch of the dungeon, and saw 5 of its levels.

You collected 201 gold pieces.

Inventory:

Hand Weapons
 p - a +2 dagger of venom
Armour
 a - a +0 robe (worn)
 e - a +0 buckler (worn)
 h - a +0 scale mail of magic resistance
 q - a +0 leather armour
Jewellery
 r - a +2 ring of dexterity (left claw)
Wands
 v - a wand of flame (9)
 w - a wand of iceblast (5)
Scrolls
 b - 3 scrolls of teleportation
 d - 2 scrolls of magic mapping {unknown}
 g - 2 scrolls of blinking
 j - a scroll of remove curse {unknown}
 o - a scroll of enchant weapon {unknown}
 s - 2 scrolls of enchant armour
Potions
 f - 3 potions of flight
 i - a potion of curing
 k - a potion of cancellation
 l - a potion of invisibility {unknown}
 m - a potion of ambrosia {unknown}
 n - a potion of lignification {unknown}
 t - a potion of might {unknown}
 u - a potion of berserk rage {unknown}
Comestibles
 c - 11 rations
 x - 4 chunks of flesh


   Skills:
 + Level 3.4 Fighting
 - Level 1.7 Dodging
 - Level 2.1 Stealth
 * Level 3.3 Shields
 - Level 3.0 Unarmed Combat
 + Level 2.4 Spellcasting
 + Level 0.3 Charms
 + Level 0.2 Summonings
 - Level 5.0 Ice Magic


You had one spell level left.
You knew the following spells:

 Your Spells              Type           Power        Failure   Level  Hunger
a - Freeze                Ice            ##..         4%          1    ##.....
d - Ozocubu's Armour      Chrm/Ice       #.......     32%         3    ####...
q - Summon Ice Beast      Ice/Summ       #.......     73%         4    #####..

Your spell library contained the following spells:

 Spells                   Type           Power        Failure   Level  Hunger
 Frozen Ramparts          Ice            ##....       12%         3    ####...
 Hailstorm                Conj/Ice       #.......     75%         4    #####..


Dungeon Overview and Level Annotations

Branches:
Dungeon (5/15)
 Temple: D:4-7

Altars:
Ru

Shops:
D:4 =


Innate Abilities, Weirdness & Mutations

Your body is rotting away.
You thrive on raw meat.
You are immune to poison.
You have sharp fingernails.
You are carnivorous and can eat meat at any time.
Your flesh is cold resistant. (rC+)
You are immune to negative energy. (rN+++)
You do not regenerate when monsters are visible.
You are immune to unholy pain and torment.
You can survive without breathing.


Message History

A film of ice covers your body! You block the centaur's attack.
You scratch the centaur but do no damage.
The centaur is heavily wounded.
The centaur hits you.
* * * LOW HITPOINT WARNING * * *
The centaur hits you.
* * * LOW HITPOINT WARNING * * *
Unknown command.
Casting: Ozocubu's Armour (safe; 32% risk of failure)
Confirm with . or Enter, or press ? or * to list all spells.
Aiming: Freeze (safe; 4% risk of failure)
Press: ? - help, Shift-Dir - straight line, f/p - centaur
Aim: a centaur, quivering 20 arrows (heavily wounded)
You freeze the centaur.
The centaur is severely wounded.
You block the centaur's attack.
You completely miss the centaur.
The centaur is severely wounded.
The centaur hits you.
You die...

#...# #######.###..##
##### #.###.###
#........ ########
##....... ##......##
#.##....
##........####.##....
#..........##..##....
#..........#..###....
#...@......#.........
#...c>........###....
#...........#####....
##..............#####
##...................
#..........#####.....
#..........# ###.###.
#..........# #...#...
#..........###.###.##


You could see a centaur.

Vanquished Creatures
  An ogre (D:4)
  A bullfrog skeleton (D:4)
  An orc wizard (D:4)
  A centaur skeleton (D:4)
  Natasha (thrice) (D:4)
  A hound skeleton (D:4)
  6 adders
  An ooze (D:2)
  A worm (D:3)
  2 dart slugs
  4 leopard geckos
  8 orcs
  A ball python (D:3)
  10 bats
  2 giant cockroaches (D:4)
  9 goblins
  4 hobgoblins
  5 jackals (D:3)
  3 quokkas
  3 frilled lizards
  4 kobolds
  12 rats
83 creatures vanquished.

Notes
Turn   | Place    | Note
-------+----------+-------------------------------------------
     0 | D:1      | Napalmbreeze the Ghoul Ice Elementalist began the quest for
                  | the Orb.
     0 | D:1      | Reached XP level 1. HP: 14/14 MP: 2/2
   103 | D:1      | Reached skill level 1 in Fighting
   103 | D:1      | Reached skill level 1 in Unarmed Combat
   129 | D:1      | Reached XP level 2. HP: 19/23 MP: 3/3
   655 | D:2      | Reached XP level 3. HP: 18/28 MP: 4/4
   674 | D:2      | Reached skill level 1 in Shields
  1140 | D:2      | Reached XP level 4. HP: 26/34 MP: 5/5
  1857 | D:3      | Learned a level 3 spell: Ozocubu's Armour
  1920 | D:3      | Reached XP level 5. HP: 32/42 MP: 4/6
  2101 | D:4      | Found Juucoj's Jewellery Shop.
  2101 | D:4      | Noticed an ogre
  2299 | D:4      | Killed an ogre
  2422 | D:4      | Noticed Natasha
  2434 | D:4      | Killed Natasha
  2434 | D:4      | Reached XP level 6. HP: 43/51 MP: 3/8
  2548 | D:4      | Found a sacrificial altar of Ru.
  2639 | D:4      | Noticed Natasha
  2755 | D:4      | Killed Natasha
  2755 | D:4      | Reached skill level 5 in Ice Magic
  2805 | D:4      | Learned a level 4 spell: Summon Ice Beast
  2846 | D:4      | Noticed Natasha
  2860 | D:4      | Killed Natasha
  3207 | D:5      | Entered Level 5 of the Dungeon
  3394 | D:5      | Noticed a sky beast
  3410 | D:4      | HP: 2/51 [centaur (5)]
  3412 | D:4      | Slain by a centaur

Levels and vault maps discovered:
D:1:      lightli_arrival_windingriver, layout_rooms, minmay_misc_feat_hallway
D:2:      layout_rooms
D:3:      layout_rooms, first_ration
D:4:      layout_rooms, nicolae_ru_great_annihilating_truth, serial_shops, shop,
          uniq_natasha
D:5:      layout_basic, corexii_corridor_pit

Skill      XL: |  1  2  3  4  5  6 |
---------------+-------------------+-----
Fighting       | 1 2 3 |  3.4
Unarmed Combat | 1 2 3 |  3.0
Shields        | 1 2 3 |  3.3
Spellcasting   | 2 |  2.4
Ice Magic      | 5 |  5.0
Dodging        | |  1.7
Stealth        | |  2.1
Charms         | |  0.3
Summonings     | |  0.2

Action                   |  1- 3 |  4- 6 || total
-------------------------+-------+-------++-------
Melee: Unarmed           |    78 |   145 ||   223
       Punch             |     1 |       ||     1
       Dagger            |       |     4 ||     4
 Cast: Freeze            |    26 |    49 ||    75
       Ozocubu's Armour  |       |     2 ||     2
  Use: Scroll            |       |     6 ||     6
 Stab: Sleeping          |     2 |       ||     2
       Paralysed         |       |     1 ||     1
  Eat: Chunk             |     7 |     9 ||    16
Armor: Robe              |    23 |    24 ||    47
Dodge: Dodged            |    82 |   112 ||   194
Block: Buckler           |       |    19 ||    19

Table legend:
 A = Non-vault XP
 B = Vault XP
 C = Vault XP percentage of total XP
 D = Non-vault monster count
 E = Vault monster count
 F = Vault count percentage of total count
                 A         B        C        D         E       F
            +---------+---------+-------+---------+---------+-------
      Total |     494 |      94 |  16.0 |      78 |       5 |   6.0
            +---------+---------+-------+---------+---------+-------
        D:1 |      31 |       0 |   0.0 |      19 |       0 |   0.0
        D:2 |      65 |       0 |   0.0 |      21 |       0 |   0.0
        D:3 |      83 |       0 |   0.0 |      27 |       0 |   0.0
        D:4 |     315 |      94 |  23.0 |      11 |       5 |  31.2
            +---------+---------+-------+---------+---------+-------
